 Dungeon Sprint DCSS version 0.17-b1-36-g7b1967c (webtiles) character file.

28349 hexophile the Executioner (level 13, -5/142 HPs)
             Began as a Naga Berserker on Nov 6, 2015.
             Was the Champion of Trog.
             Slain by an azure jelly (8 damage)
             ... in the Dungeon (Sprint VII: "The Pits").
             The game lasted 00:10:23 (3134 turns).

hexophile the Executioner (Naga Berserker)          Turns: 3134, Time: 00:10:23

Health: -5/142     AC: 24    Str: 26    XL:     13   Next: 38%
Magic:  13/13      EV: 10    Int:  9    God:    Trog [******]
Gold:   33         SH:  0    Dex: 14    Spells: 0 memorised, 12 levels left

rFire  . . .     SeeInvis +     H - +7 battleaxe of the Foot {venom, +Blink rC+++ MR- Str+3}
rCold  + + +     Clarity  +     u - +4 chain mail
rNeg   . . .     SustAt   .     (shield currently unavailable)
rPois  +         Gourm    .     (no helmet)
rElec  .         Spirit   .     t - +0 cloak
rCorr  .         Warding  .     (no gloves)
rMut   .         NoTele   +     s - +0 naga barding
MR     +....                    I - amulet of clarity {Clar}
Stlth  ..........               G - ring of protection from magic {MR+}
                                w - +3 ring of dexterity

@: lethally poisoned (-5 -> -8), exhausted, slowed, very slow, somewhat
resistant to hostile enchantments, extremely unstealthy
A: see invisible, deformed body, poison resistance, slowness 2, slow metabolism
1, spit poison 2, constrict 1, AC +4
a: Spit Poison, Berserk, Trog's Hand, Brothers in Arms, Burn Spellbooks,
Renounce Religion, Evoke Blink


You were in the Dungeon.
You worshipped Trog.
Trog was exalted by your worship.
You were very hungry.

You visited 1 branch You collected 33 gold pieces.


Innate Abilities, Weirdness & Mutations

You cannot wear boots.
Your serpentine skin is tough (AC +4).
You have supernaturally acute eyesight.
Armour fits poorly on your strangely shaped body.
Your system is resistant to poisons.
You cover ground very slowly.
You have a slow metabolism.
You can spit poison.
You can use your snake-like lower body to constrict enemies.

Inventory:

Hand Weapons
 i - a +4 antimagic battleaxe
 m - a +1 antimagic executioner's axe
 o - a +5 executioner's axe of chopping
 y - a +2 dire flail of protection
 H - the +7 battleaxe of the Foot (weapon) {venom, +Blink rC+++ MR- Str+3}
   (Trog gifted it to you in the Dungeon)

   It poisons the flesh of those it strikes.
   It affects your strength (+3).
   It renders you almost immune to cold.
   It affects your resistance to hostile enchantments.
   It lets you blink.
Missiles
 p - 2 needles of sleeping
Armour
 s - a +0 naga barding (worn)
 t - a +0 cloak (worn)
 u - a +4 chain mail (worn)
Jewellery
 v - a +3 ring of dexterity
 w - a +3 ring of dexterity (left hand)
 G - a ring of protection from magic (right hand) {MR+}
 I - an amulet of clarity (around neck) {Clar}
 J - an uncursed amulet of warding {Ward rN+}
Scrolls
 l - 6 scrolls of remove curse
 n - 2 scrolls of vulnerability
 x - 2 scrolls of enchant armour
 z - a scroll of identify
 C - 3 scrolls of recharging
 E - 2 scrolls of fog
Potions
 c - 2 potions of resistance {rF+ rC+ rPois rElec rCorr}
 d - 11 potions of curing
 e - 11 potions of heal wounds
 f - 5 potions of haste
 g - 4 potions of magic
 h - 4 potions of berserk rage
 k - 2 potions of invisibility
 q - a potion of brilliance {Archmagi Int+5 Wiz++}
 D - 2 potions of might {Str+5 DMG+1d10}
Books
 b - a book of Summonings

   Spells                             Type                      Level
   a - Recall                         Summoning/Translocation      3
   b - Aura of Abjuration             Summoning                    5
   c - Shadow Creatures               Summoning                    5
   d - Summon Demon                   Summoning                    5
   e - Summon Forest                  Summoning/Translocation      5
   f - Summon Mana Viper              Hexes/Summoning              5
   Trog disapproves of the use of such an item.
 A - the Volume of Blistering Conjuration
   (You found it in the Dungeon)

   Spells                             Type                      Level
   a - Conjure Flame                  Conjuration/Fire             3
   b - Bolt of Draining               Conjuration/Necromancy       5
   c - Bolt of Fire                   Conjuration/Fire             6
   d - Iron Shot                      Conjuration/Earth            6
   Trog disapproves of the use of such an item.
 F - the Incunabulum of Earthen Transmigration
   (You found it in the Dungeon)

   Spells                             Type                      Level
   a - Ice Form                       Ice/Transmutation            4
   b - Alistair's Intoxication        Transmutation/Poison         4
   c - Iron Shot                      Conjuration/Earth            6
   d - Statue Form                    Transmutation/Earth          6
   Trog disapproves of the use of such an item.
Comestibles
 a - 33 fruits
 j - 9 meat rations
 r - 8 bread rations
 K - 6 royal jellies


You had 12 spell levels left.
You didn't know any spells.


   Skills:
 + Level 16.4 Fighting
 * Level 21.8 Axes
 - Level 12.0 Armour
 - Level 12.1 Dodging

Dungeon Overview and Level Annotations

Branches:
Dungeon (1/1)

Altars:
Ashenzari
Cheibriados
Dithmenos
Elyvilon
Fedhas
Gozag
Kikubaaqudgha
Makhleb
Nemelex Xobeh
Okawaru
Qazlal
Ru
Sif Muna
Trog
Vehumet
Xom
Yredelemnul
Zin
The Shining One
Beogh
Jiyva
Lugonu

Vault maps used:
D:        pitsprint
You       could see an azure jelly.


Message History

The azure jelly freezes you. You resist.
* * * LOW HITPOINT WARNING * * *
The azure jelly barely misses you.
The azure jelly hits you but does no damage.
Restored 12 HP.
You have now: 14/142 HP.
Unknown command.
Drink which item? (? for menu, Esc to quit)
You feel much better.
You feel sick.
Your troll closely misses the azure jelly.
Your troll barely misses the azure jelly.
Your troll claws the azure jelly but does no damage.
The azure jelly hits you but does no damage.
The azure jelly hits you.
* * * LOW HITPOINT WARNING * * *
The azure jelly freezes you. You resist.
* * * LOW HITPOINT WARNING * * *
The azure jelly hits you but does no damage. x2
Your troll completely misses the azure jelly.
Your troll claws the azure jelly!
Your troll closely misses the azure jelly.
Restored 15 HP.
You have now: 29/142 HP.
Unknown command.
You slice the azure jelly!!
The azure jelly is poisoned.
The azure jelly is almost dead.
You feel sick.
Your troll barely misses the azure jelly.
Your troll claws the azure jelly!
Your troll barely misses the azure jelly.
The azure jelly hits your troll! The azure jelly freezes your troll!!
Your troll dies!
Your troll's corpse disappears in a puff of smoke!
The azure jelly hits you!
* * * LOW HITPOINT WARNING * * *
The azure jelly freezes you! You resist.
* * * LOW HITPOINT WARNING * * *
The azure jelly hits you.
* * * LOW HITPOINT WARNING * * *
The azure jelly freezes you. You resist.
* * * LOW HITPOINT WARNING * * *
The azure jelly closely misses you.
The azure jelly hits you but does no damage.
You lost 24 HP.
You have now: 5/142 HP.
Unknown command.
You closely miss the azure jelly.
The azure jelly is almost dead.
* * * LOW HITPOINT WARNING * * *
You feel sick. The azure jelly closely misses you. The azure jelly hits you.
* * * LOW HITPOINT WARNING * * *
The azure jelly freezes you! You resist.
You die...

Action                   |  1- 3 |  4- 6 |  7- 9 | 10-12 | 13-15 || total
-------------------------+-------+-------+-------+-------+-------++-------
Melee: Hand axe          |    52 |    19 |    34 |       |       ||   105
       Battleaxe         |       |       |    55 |   215 |    16 ||   286
       Executioner's axe |       |       |       |    24 |     1 ||    25
Invok: Berserk           |     3 |     2 |     1 |     6 |     1 ||    13
       Trog's Hand       |       |     2 |     3 |     6 |     1 ||    12
       Brothers in Arms  |       |       |     3 |     1 |     3 ||     7
  Use: Potion            |       |       |     3 |       |     3 ||     6
       Scroll            |       |       |     2 |       |     1 ||     3
 Stab: Paralysed         |       |       |       |     2 |       ||     2
       Distracted        |       |       |       |     1 |       ||     1
  Eat: Chunk             |     1 |     2 |       |    11 |       ||    14
       Fruit             |       |       |     3 |     4 |       ||     7

Notes
Turn   | Place    | Note
--------------------------------------------------------------
     0 | D        | hexophile the Naga Berserker began the quest for the Orb.
     0 | D        | Reached XP level 1. HP: 21/21 MP: 1/1
    33 | D        | Found a sacrificial altar of Ru.
    33 | D        | Found a basalt altar of Yredelemnul.
    33 | D        | Found a shadowy altar of Dithmenos.
    33 | D        | Found a deep blue altar of Sif Muna.
    33 | D        | Found a burning altar of Makhleb.
    33 | D        | Found a shimmering altar of Xom.
    33 | D        | Found an ancient bone altar of Kikubaaqudgha.
    33 | D        | Found a sparkling altar of Nemelex Xobeh.
    34 | D        | Found a bloodstained altar of Trog.
    34 | D        | Found a corrupted altar of Lugonu.
    34 | D        | Found a viscous altar of Jiyva.
    56 | D        | Reached ** piety under Trog
    56 | D        | Reached skill level 4 in Axes
    56 | D        | Reached XP level 2. HP: 12/30 MP: 2/2
   106 | D        | Reached skill level 4 in Fighting
   111 | D        | Reached skill level 5 in Axes
   341 | D        | Noticed a worker ant
   346 | D        | Killed a worker ant
   346 | D        | Reached *** piety under Trog
   346 | D        | Reached skill level 6 in Axes
   346 | D        | Reached XP level 3. HP: 38/38 MP: 3/3
   348 | D        | Reached skill level 5 in Fighting
   493 | D        | Noticed a crimson imp
   493 | D        | Noticed an orc priest
   509 | D        | Reached **** piety under Trog
   534 | D        | Killed a crimson imp
   534 | D        | Reached skill level 7 in Axes
   534 | D        | Reached XP level 4. HP: 31/48 MP: 4/4
   577 | D        | Noticed Sigmund
   585 | D        | Noticed a wolf
   595 | D        | Killed Sigmund
   595 | D        | Reached skill level 7 in Fighting
   595 | D        | Reached skill level 10 in Axes
   595 | D        | Reached XP level 5. HP: 51/57 MP: 5/5
   595 | D        | Reached XP level 6. HP: 59/66 MP: 6/6
   599 | D        | Killed a wolf
   599 | D        | Reached ***** piety under Trog
   599 | D        | Reached skill level 8 in Fighting
   599 | D        | Reached skill level 11 in Axes
   657 | D        | Found a glowing golden altar of the Shining One.
   657 | D        | Found a shattered altar of Ashenzari.
   657 | D        | Found a white marble altar of Elyvilon.
   657 | D        | Found a snail-covered altar of Cheibriados.
   657 | D        | Found a blossoming altar of Fedhas.
   657 | D        | Found a radiant altar of Vehumet.
   657 | D        | Found a glowing silver altar of Zin.
   657 | D        | Found a roughly hewn altar of Beogh.
   657 | D        | Found an iron altar of Okawaru.
   662 | D        | Found a stormy altar of Qazlal.
   662 | D        | Found an opulent altar of Gozag.
   689 | D        | Noticed a lindwurm
   691 | D        | Noticed a polar bear
   699 | D        | Killed a polar bear
   699 | D        | Reached skill level 9 in Fighting
   699 | D        | Reached skill level 12 in Axes
   699 | D        | Reached XP level 7. HP: 76/76 MP: 7/7
   707 | D        | Killed a lindwurm
   707 | D        | Reached skill level 10 in Fighting
   707 | D        | Reached skill level 14 in Axes
   707 | D        | Reached XP level 8. HP: 72/88 MP: 8/8
   742 | D        | Noticed an orc wizard
   742 | D        | Noticed an orc wizard
   744 | D        | Killed an orc priest
   747 | D        | Received a gift from Trog
   752 | D        | Killed an orc wizard
   766 | D        | Killed an orc wizard
   766 | D        | Received a gift from Trog
   767 | D        | Noticed an orc wizard
   774 | D        | Killed an orc wizard
   789 | D        | Noticed a hound
   793 | D        | Killed a hound
   796 | D        | Noticed a wolf
   798 | D        | Killed a wolf
   798 | D        | Reached skill level 2 in Armour
   798 | D        | Reached skill level 2 in Dodging
   801 | D        | Noticed a brain worm
   801 | D        | Noticed a fire bat
   814 | D        | Killed a fire bat
   814 | D        | Reached skill level 11 in Fighting
   814 | D        | Reached skill level 3 in Armour
   814 | D        | Reached skill level 3 in Dodging
   816 | D        | Killed a brain worm
   816 | D        | Received a gift from Trog
   835 | D        | Noticed a scorpion
   835 | D        | Noticed a hell rat
   838 | D        | Killed a hell rat
   839 | D        | Killed a scorpion
   839 | D        | Reached ****** piety under Trog
   972 | D        | Noticed a wolf
   972 | D        | Noticed a tarantella
   973 | D        | Noticed an orange demon
   976 | D        | Noticed a small abomination
   980 | D        | Killed a wolf
   980 | D        | Reached XP level 9. HP: 97/97 MP: 3/9
   982 | D        | Killed an orange demon
   982 | D        | Reached skill level 15 in Axes
   982 | D        | Reached skill level 4 in Armour
   982 | D        | Reached skill level 4 in Dodging
   984 | D        | Noticed a rust devil
   985 | D        | Killed a tarantella
   986 | D        | Noticed a merfolk
   989 | D        | Noticed a sun demon
   994 | D        | Noticed a wolf
   997 | D        | Killed a merfolk
   997 | D        | Reached skill level 5 in Armour
   997 | D        | Reached skill level 5 in Dodging
   999 | D        | Noticed a war gargoyle
  1006 | D        | Killed a war gargoyle
  1006 | D        | Reached skill level 6 in Armour
  1006 | D        | Reached skill level 6 in Dodging
  1007 | D        | Killed a wolf
  1009 | D        | Noticed an alligator snapping turtle
  1018 | D        | Killed a small abomination
  1021 | D        | Killed an alligator snapping turtle
  1021 | D        | Reached skill level 12 in Fighting
  1021 | D        | Reached XP level 10. HP: 94/106 MP: 3/10
  1022 | D        | Killed a rust devil
  1023 | D        | Noticed a ynoxinul
  1023 | D        | Killed a ynoxinul
  1026 | D        | Noticed a wolf
  1026 | D        | Killed a wolf
  1026 | D        | Reached skill level 16 in Axes
  1027 | D        | Noticed an emperor scorpion
  1033 | D        | Killed an emperor scorpion
  1033 | D        | Reached skill level 7 in Armour
  1033 | D        | Reached skill level 7 in Dodging
  1039 | D        | Noticed a fire crab
  1043 | D        | Killed a fire crab
  1044 | D        | Noticed a wind drake
  1045 | D        | Killed a wind drake
  1045 | D        | Received a gift from Trog
  1046 | D        | Killed a sun demon
  1046 | D        | Reached skill level 8 in Armour
  1046 | D        | Reached skill level 8 in Dodging
  1059 | D        | Noticed a yak
  1060 | D        | Noticed a yak
  1060 | D        | Noticed a chaos spawn
  1062 | D        | Killed a chaos spawn
  1063 | D        | Noticed a smoke demon
  1066 | D        | Killed a yak
  1071 | D        | Killed a smoke demon
  1077 | D        | Killed a yak
  1079 | D        | Noticed a yak
  1080 | D        | Killed a yak
  1081 | D        | Noticed a yak
  1085 | D        | Killed a yak
  1086 | D        | Noticed a yak
  1092 | D        | Killed a yak
  1099 | D        | Noticed a hell rat
  1099 | D        | Killed a hell rat
  1099 | D        | Received a gift from Trog
  1099 | D        | Reached XP level 11. HP: 50/115 MP: 3/11
  1101 | D        | Identified the Volume of Blistering Conjuration (You found it in the Dungeon)
  1104 | D        | Noticed a tarantella
  1105 | D        | Killed a tarantella
  1106 | D        | Noticed a wandering mushroom
  1109 | D        | Killed a wandering mushroom
  1109 | D        | Reached skill level 9 in Armour
  1109 | D        | Reached skill level 9 in Dodging
  1320 | D        | Got the cursed +0 glaive of Imbalance {freeze, MP+9}
  1323 | D        | Got the +4 morningstar of Moderation {crush, Str-3 Dex+5 SInv}
  1370 | D        | Noticed a tarantella
  1370 | D        | Noticed a gnoll sergeant
  1377 | D        | Reached skill level 17 in Axes
  1380 | D        | Killed a tarantella
  1386 | D        | Killed a gnoll sergeant
  1436 | D        | Noticed a death yak
  1437 | D        | Noticed a scorpion
  1444 | D        | Killed a death yak
  1452 | D        | Noticed a two-headed ogre
  1453 | D        | Received a gift from Trog
  1455 | D        | Noticed a trapdoor spider
  1455 | D        | Killed a two-headed ogre
  1456 | D        | Killed a trapdoor spider
  1463 | D        | Noticed a mottled dragon
  1463 | D        | Noticed a hornet
  1464 | D        | Noticed a troll
  1468 | D        | Noticed a redback
  1470 | D        | Received a gift from Trog
  1473 | D        | Killed a redback
  1473 | D        | Reached skill level 13 in Fighting
  1478 | D        | Killed a hornet
  1479 | D        | Killed a mottled dragon
  1483 | D        | Killed a troll
  1487 | D        | Killed a scorpion
  1487 | D        | Received a gift from Trog
  1493 | D        | HP: 5/117 [poisoned by a hornet]
  1499 | D        | HP: 5/117 [poisoned by a hornet]
  1504 | D        | HP: 5/117 [poisoned by a hornet]
  1830 | D        | Noticed a wyvern
  1833 | D        | Killed a wyvern
  1880 | D        | Noticed a tarantella
  1880 | D        | Noticed a hell rat
  1885 | D        | Killed a hell rat
  1891 | D        | Noticed a great orb of eyes
  1892 | D        | Killed a tarantella
  1896 | D        | Noticed an orc wizard
  1896 | D        | Noticed a wyvern
  1896 | D        | Noticed a freezing wraith
  1896 | D        | Noticed an elephant
  1897 | D        | Noticed an alligator
  1897 | D        | Noticed an orc warrior
  1900 | D        | Noticed an orc wizard
  1904 | D        | Noticed a rust devil
  1904 | D        | Killed a wyvern
  1904 | D        | Received a gift from Trog
  1908 | D        | Killed an elephant
  1908 | D        | Reached skill level 10 in Armour
  1908 | D        | Reached skill level 10 in Dodging
  1908 | D        | Killed a great orb of eyes
  1913 | D        | Killed a freezing wraith
  1914 | D        | Killed an alligator
  1914 | D        | Killed an orc wizard
  1918 | D        | Killed a rust devil
  1921 | D        | Received a gift from Trog
  1921 | D        | Reached skill level 18 in Axes
  1921 | D        | Killed an orc warrior
  1925 | D        | Killed an orc wizard
  2009 | D        | Noticed a kobold demonologist
  2011 | D        | Noticed a flayed ghost
  2021 | D        | Killed a kobold demonologist
  2021 | D        | Received a gift from Trog
  2022 | D        | Noticed a kobold demonologist
  2023 | D        | Noticed a hornet
  2025 | D        | Noticed a big kobold
  2031 | D        | Noticed a big kobold
  2031 | D        | Killed a kobold demonologist
  2032 | D        | Noticed a hell hound
  2032 | D        | Killed a flayed ghost
  2032 | D        | Reached skill level 11 in Dodging
  2036 | D        | Noticed a hell hound
  2036 | D        | Killed a hornet
  2036 | D        | Reached skill level 11 in Armour
  2040 | D        | Noticed a hell hound
  2040 | D        | Noticed a hell hound
  2040 | D        | Killed a hell hound
  2040 | D        | Reached XP level 12. HP: 124/127 MP: 12/12
  2041 | D        | Received a gift from Trog
  2044 | D        | Killed a big kobold
  2045 | D        | Killed a big kobold
  2046 | D        | Killed a hell hound
  2049 | D        | Killed a hell hound
  2051 | D        | Killed a hell hound
  2054 | D        | Received a gift from Trog
  2057 | D        | Noticed a brain worm
  2065 | D        | Killed a brain worm
  2160 | D        | Noticed an eye of draining
  2167 | D        | Killed an eye of draining
  2168 | D        | Noticed a griffon
  2168 | D        | Noticed Urug
  2168 | D        | Noticed a hellwing
  2170 | D        | Noticed an anaconda
  2178 | D        | Killed a hellwing
  2179 | D        | Killed an anaconda
  2180 | D        | Killed a griffon
  2180 | D        | Received a gift from Trog
  2186 | D        | Killed Urug
  2186 | D        | Reached skill level 14 in Fighting
  2263 | D        | Identified the Incunabulum of Earthen Transmigration
  2310 | D        | Noticed an orc sorcerer
  2310 | D        | Noticed a flayed ghost
  2311 | D        | Noticed a griffon
  2317 | D        | Killed a flayed ghost
  2328 | D        | Killed a griffon
  2338 | D        | Killed an orc sorcerer
  2338 | D        | Reached skill level 12 in Dodging
  2366 | D        | Noticed an orange demon
  2366 | D        | Noticed an eye of devastation
  2373 | D        | Killed an orange demon
  2382 | D        | Killed an eye of devastation
  2382 | D        | Received a gift from Trog
  2382 | D        | Reached skill level 12 in Armour
  2511 | D        | Noticed an earth elemental
  2511 | D        | Noticed an orange demon
  2512 | D        | Noticed a sea snake
  2516 | D        | Killed an orange demon
  2516 | D        | Reached skill level 19 in Axes
  2520 | D        | Killed an earth elemental
  2521 | D        | Killed a sea snake
  2784 | D        | Noticed an anaconda
  2789 | D        | Killed an anaconda
  2892 | D        | Noticed a centaur warrior
  2892 | D        | Noticed a troll
  2892 | D        | Noticed a ghost moth
  2892 | D        | Noticed an Executioner
  2892 | D        | Noticed a deep elf annihilator
  2892 | D        | Noticed an ogre mage
  2892 | D        | Noticed an ogre
  2892 | D        | Noticed a two-headed ogre
  2895 | D        | Killed an ogre mage
  2895 | D        | Received a gift from Trog
  2897 | D        | Killed a two-headed ogre
  2900 | D        | Killed an Executioner
  2900 | D        | Reached skill level 15 in Fighting
  2900 | D        | Reached skill level 20 in Axes
  2902 | D        | Killed a ghost moth
  2903 | D        | Killed an ogre
  2905 | D        | Killed a troll
  2906 | D        | Killed a centaur warrior
  2906 | D        | Gained mutation: You can use your snake-like lower body to constrict enemies. [Naga growth]
  2906 | D        | Reached XP level 13. HP: 126/139 MP: 1/13
  2911 | D        | Killed a deep elf annihilator
  2911 | D        | Received a gift from Trog
  2914 | D        | Got a fine battleaxe {god gift}
  3002 | D        | Identified the +7 battleaxe of the Foot {venom, +Blink rC+++ MR- Str+3} (Trog gifted it to you in the Dungeon)
  3088 | D        | Noticed a yaktaur
  3088 | D        | Noticed a storm dragon
  3089 | D        | Noticed a yaktaur captain
  3089 | D        | Noticed a yaktaur
  3099 | D        | Killed a storm dragon
  3099 | D        | Reached skill level 21 in Axes
  3101 | D        | Killed a yaktaur
  3105 | D        | Noticed a spriggan defender
  3105 | D        | Noticed a black draconian
  3106 | D        | Noticed a swamp dragon
  3107 | D        | Killed a swamp dragon
  3110 | D        | Noticed a daeva
  3121 | D        | Killed a daeva
  3121 | D        | Reached skill level 16 in Fighting
  3123 | D        | Killed a black draconian
  3124 | D        | Noticed a blizzard demon
  3124 | D        | Noticed a greater naga
  3125 | D        | Noticed an azure jelly
  3127 | D        | Killed a blizzard demon
  3127 | D        | Received a gift from Trog
  3130 | D        | HP: 6/142 [greater naga/orb of energy (23)]
  3130 | D        | HP: 2/142 [greater naga/whip (1)]
  3130 | D        | Killed a greater naga
  3134 | D        | Slain by an azure jelly

Table legend:
 A = Turns spent in this place as a percentage of turns spent in the entire game.
 B = Non-inter-level travel turns spent in this place as a percentage of non-inter-level travel turns spent in the entire game.
 C = Inter-level travel turns spent in this place as a percentage of turns spent in this place.
 D = Turns resting spent in this place as a percentage of non-inter-level travel turns spent in this place.
 E = Turns spent auto-exploring this place as a percentage of non-inter-level travel turns spent in this place.
 F = Non-inter-level travel turns spent in this place divided by the number of levels of this place that you've seen.
                   A       B       C       D       E      F
               +-------+-------+-------+-------+-------+----------------------
         Total | 100.0 | 100.0 |   0.0 |   6.9 |   0.5 | 1502.0
       Dungeon | 100.0 | 100.0 |   0.0 |   6.9 |   0.5 | 1502.0
               +-------+-------+-------+-------+-------+----------------------

Table legend:
 A = Kills in this place as a percentage of kills in entire the game.
 B = Kills by you in this place as a percentage of kills by you in the entire game.
 C = Kills by friends in this place as a percentage of kills by friends in the entire game.
 D = Other kills in this place as a percentage of other kills in the entire game.
 E = Experience gained in this place as a percentage of experience gained in the entire game.
 F = Experience gained in this place divided by the number of levels of this place that you have seen.
                   A       B       C       D       E      F
               +-------+-------+-------+-------+-------+----------------------
         Total | 100.0 | 100.0 | 100.0 | 100.0 | 100.0 | 40499.0
       Dungeon | 100.0 | 100.0 | 100.0 | 100.0 | 100.0 | 40499.0
               +-------+-------+-------+-------+-------+----------------------

Vanquished Creatures
  An Executioner (D)
  A storm dragon (D)
  A ghost moth (D)
  A deep elf annihilator (D)
  A blizzard demon (D)
  A great orb of eyes (D)
  2 anacondas (D)
  A centaur warrior (D)
  An alligator (D)
  An ogre mage (D)
  Urug (D)
  A fire crab (D)
  A sea snake (D)
  A lindwurm (D)
  2 flayed ghosts (D)
  2 griffons (D)
  An orc sorcerer (D)
  2 hornets (D)
  A rust devil (D)
  An elephant (D)
  An eye of devastation (D)
  2 kobold demonologists (D)
  3 orange demons (D)
  A smoke demon (D)
  A hellwing (D)
  A freezing wraith (D)
  A wind drake (D)
  A merfolk (D)
  A polar bear (D)
  2 trolls (D)
  2 two-headed ogres (D)
  A redback (D)
  Sigmund (D)
  4 tarantellas (D)
  A fire bat (D)
  2 wyverns (D)
  A wandering mushroom (D)
  A chaos spawn (D)
  4 yaks (D)
  4 wolves (D)
  4 hell hounds (D)
  A mottled dragon (D)
  An orc warrior (D)
  An eye of draining (D)
  An ogre (D)
  A gnoll sergeant (D)
  2 big kobolds (D)
  2 brain worms (D)
  An earth elemental (D)
  2 scorpions (D)
  A hound (D)
  A crimson imp (D)
  An orc priest (D)
  3 hell rats (D)
  5 orc wizards (D)
  A worker ant (D)
  A mummy (D)
  10 gnolls (D)
  2 river rats (D)
  An ufetubus (D)
  An adder skeleton (D)
  An adder simulacrum (D)
  6 orcs (D)
  2 bats (D)
  2 giant cockroaches (D)
  A hobgoblin (D)
  7 kobolds (D)
  A ball python (D)
  A giant cockroach zombie (D)
  A giant newt (D)
124 creatures vanquished.

Vanquished Creatures (collateral kills)
  A greater naga (D)
  A daeva (D)
  An emperor scorpion (D)
  A war gargoyle (D)
  A black draconian (D)
  An alligator snapping turtle (D)
  A death yak (D)
  A sun demon (D)
  A swamp dragon (D)
  A rust devil (D)
  A yaktaur (D)
  A ynoxinul (D)
  A trapdoor spider (D)
  A wolf (D)
  A small abomination (D)
15 creatures vanquished.

Vanquished Creatures (others)
  A yak (D)
1 creature vanquished.

Grand Total: 140 creatures vanquished
